 Dungeon Crawl Stone Soup version 0.22-a0-38-gc6ec8ce517 (webtiles) character file.

130 Kaname the Conjurer (level 4, 0/30 HPs)
             Began as a Demonspawn Wizard on Jan 4, 2018.
             Slain by a frilled lizard (2 damage)
             ... on level 3 of the Dungeon.
             The game lasted 00:06:13 (2322 turns).

Kaname the Conjurer (Demonspawn Wizard)             Turns: 2322, Time: 00:06:13

Health: 0/30       AC:  2    Str:  7    XL:     4   Next: 90%
Magic:  0/8        EV: 17    Int: 21    God:
Gold:   49         SH:  0    Dex: 16    Spells: 3/9 levels left

rFire    . . .     SeeInvis .   (no weapon)
rCold    . . .     Gourm    .   (no shield)
rNeg     . . .     Faith    .   a - +0 robe
rPois    .         Spirit   .   b - +0 hat
rElec    .         Reflect  .   (no cloak)
rCorr    .         Harm     .   (no gloves)
MR       .....                  (no boots)
Stlth    ++++......             (no amulet)
HPRegen  0.10/turn              (no ring)
MPRegen  0.11/turn              (no ring)

@: agile
A: hooves 1, nightstalker 1
a: no special abilities


You were on level 3 of the Dungeon.
You were not hungry.

You visited 1 branch of the dungeon, and saw 3 of its levels.

You collected 49 gold pieces.

Inventory:

Missiles
 m - 4 javelins (quivered)
Armour
 a - a +0 robe (worn)
 b - a +0 hat (worn)
Scrolls
 f - 2 scrolls of amnesia {unknown}
 g - a scroll of enchant weapon {unknown}
 h - 2 scrolls of remove curse {unknown}
 i - 2 scrolls of identify {unknown}
 l - a scroll of magic mapping {unknown}
 n - 2 scrolls of enchant armour {unknown}
 o - a scroll of fear {unknown}
 p - a scroll of immolation {unknown}
 r - a scroll of fog {unknown}
Potions
 e - a potion of magic
 j - a potion of agility
 q - a potion of curing {unknown}
Books
 c - a book of Minor Magic

   Spells                             Type                      Level
   a - Magic Dart                     Conjuration                  1
   b - Blink                          Translocation                2
   c - Call Imp                       Summoning                    2
   d - Slow                           Hexes                        2
   e - Conjure Flame                  Conjuration/Fire             3
   f - Mephitic Cloud                 Conjuration/Poison/Air       3
Comestibles
 d - 5 rations
 k - a chunk of flesh


   Skills:
 - Level 1.7 Dodging
 - Level 1.7 Stealth
 - Level 3.0 Spellcasting
 - Level 4.1 Conjurations
   Level 1.0 Summonings
 - Level 1.0 Translocations
 + Level 1.3 Air Magic
 - Level 1.0 Poison Magic


You had 3 spell levels left.
You knew the following spells:

 Your Spells              Type           Power        Failure   Level  Hunger
a - Magic Dart            Conj           ###.         2%          1    None
b - Blink                 Tloc           N/A          13%         2    ##.....
c - Mephitic Cloud        Conj/Pois/Air  ##......     16%         3    ###....


Dungeon Overview and Level Annotations

Branches:
Dungeon (3/15)

Altars:
Ashenzari
Trog
Uskayaw
Zin


Innate Abilities, Weirdness & Mutations

You have large cloven feet.
You are slightly more attuned to the shadows.


Message History

Aiming: Magic Dart
Press: ? - help, Shift-Dir - straight line, f/p - orc
Aim: an orc, wielding a mace of holy wrath (almost dead)
The magic dart hits the orc.
You kill the orc!
The frilled lizard bites you.
* * * LOW HITPOINT WARNING * * *
Casting: Magic Dart
Confirm with . or Enter, or press ? or * to list all spells.
Aiming: Magic Dart
Press: ? - help, Shift-Dir - straight line, f/p - orc
Aim: an orc, wielding a mace of holy wrath (almost dead)
The magic dart hits the orc.
You kill the orc!
The frilled lizard bites you.
* * * LOW HITPOINT WARNING * * *
It was a potion of agility.
You feel agile all of a sudden. The frilled lizard bites you.
You die...

).....#### #....K.
#####....####
#......
####....#####.!....
####..##........
##...(oo#####
###.##(l...#
o...o..######.###
...#########K...# #
..)s†.@loo....#
##########....#
#....# #....#
#....# ######


You could see 2 orcs, a giant cockroach, a kobold and a frilled lizard.

Vanquished Creatures
  2 adders
  3 gnolls (D:2)
  An ooze (D:1)
  A worm (D:2)
  A dart slug (D:1)
  3 leopard geckos
  8 orcs (D:3)
  7 bats
  A giant cockroach (D:1)
  4 goblins
  8 hobgoblins
  3 jackals (D:1)
  5 ball pythons
  2 frilled lizards (D:1)
  4 kobolds
  9 rats
62 creatures vanquished.

Notes
Turn   | Place    | Note
-------+----------+-------------------------------------------
     0 | D:1      | Kaname the Demonspawn Wizard began the quest for the Orb.
     0 | D:1      | Reached XP level 1. HP: 13/13 MP: 4/4
   213 | D:1      | Reached skill level 2 in Conjurations
   278 | D:1      | Gained mutation: You are slightly more attuned to the shadows. [demonic ancestry]
   278 | D:1      | Reached XP level 2. HP: 19/19 MP: 3/6
   717 | D:1      | Reached skill level 3 in Conjurations
   721 | D:1      | Learned a level 2 spell: Blink
   809 | D:1      | Gained mutation: You have large cloven feet. [demonic ancestry]
   809 | D:1      | Reached XP level 3. HP: 24/24 MP: 4/7
   813 | D:1      | Reached skill level 1 in Translocations
   818 | D:1      | Learned a level 3 spell: Mephitic Cloud
  1223 | D:2      | Reached skill level 1 in Poison Magic
  1469 | D:2      | Found a bloodstained altar of Trog.
  1469 | D:2      | Found a hide-covered altar of Uskayaw.
  1472 | D:2      | Found a glowing silver altar of Zin.
  1473 | D:2      | Found a shattered altar of Ashenzari.
  1670 | D:2      | Reached XP level 4. HP: 21/30 MP: 3/8
  1804 | D:2      | Reached skill level 4 in Conjurations
  1871 | D:2      | Found a faded altar of an unknown god.
  2252 | D:3      | Reached skill level 1 in Air Magic
  2322 | D:3      | Slain by a frilled lizard

Vault maps used:
D:1:      dpeg_arrival_houses_and_road, kennysheep_crisscross
D:2:      minitemple, chequers_ecumenical_altar_simple_redux
D:3:      nicolae_gozag_seed_capital

Skill      XL: |  1  2  3  4 |
---------------+-------------+-----
Conjurations   | 2 3 4 |  4.1
Translocations | 1 |  1.0
Poison Magic   | 1 |  1.0
Air Magic      | 1 |  1.3
Dodging        | |  1.7
Stealth        | |  1.7
Spellcasting   | |  3.0
Summonings     | |  1.0

Action                   |  1- 3 |  4- 6 || total
-------------------------+-------+-------++-------
Melee: Unarmed           |    15 |    17 ||    32
       Kick              |       |     4 ||     4
 Cast: Magic Dart        |    96 |    58 ||   154
  Use: Potion            |       |     2 ||     2
 Stab: Sleeping          |     1 |       ||     1
  Eat: Chunk             |     2 |     2 ||     4
Armor: Robe              |     2 |     7 ||     9
Dodge: Dodged            |    14 |    26 ||    40

Table legend:
 A = Spawn XP
 B = Non-spawn XP
 C = Spawn XP percentage of total XP
 D = Spawn monster count
 E = Non-spawn monster count
 F = Spawn count percentage of total count
 G = Total turns spent on level
                    A         B        C        D         E        F      G
               +---------+---------+-------+---------+---------+-------+---------
         Total |       0 |     187 |   0.0 |       0 |      62 |   0.0 |  2322
               +---------+---------+-------+---------+---------+-------+---------
           D:1 |       0 |      54 |   0.0 |       0 |      26 |   0.0 |  1206
           D:2 |       0 |      85 |   0.0 |       0 |      19 |   0.0 |   896
           D:3 |       0 |      48 |   0.0 |       0 |      17 |   0.0 |   220
               +---------+---------+-------+---------+---------+-------+---------
